Map: Frozen Temple

Players

FireCake

  • Race: Zerg Zerg

Scarlett - Winner!

  • Race: Zerg Zerg

Event: DreamHack Open Tours WCS Spring Championship

VOD

Have the link to the VOD?

Description

Time

  • Played on: May 14, 2016, 4:21 p.m.
  • Length: 10:08

All games in this series

Show
View Real Time Build Order
Export as new Build Order

FireCake Zerg 

Build Orders: Hatch First 

Get SALT Encoding   

  12  0:00  Drone  
  13  0:08  Drone  
  14  0:16  Overlord  
  14  0:22  Extractor  
  14  0:23  Drone  
  15  0:35  Drone x2  
  17  0:51  Hatchery  
  17  0:54  Drone  
  17  0:57  Drone  
  18  1:09  Extractor  
  17  1:12  Spawning Pool  
  17  1:15  Drone  
  17  1:18  Drone  
  18  1:26  Drone  
  19  1:37  Overlord  
  19  1:48  Drone  
  20  1:59  Queen  
  20  2:01  Drone  
  23  2:03  Queen  
  23  2:04  Spine Crawler, Zergling x2  
  25  2:11  Metabolic Boost  
  25  2:14  Drone  
  26  2:20  Drone  
  26  2:21  Drone  
  29  2:26  Drone  
  30  2:33  Drone  
  31  2:42  Hatchery  
  30  2:50  Baneling Nest  
  29  2:52  Drone  
  29  2:53  Drone  
  29  2:58  Overlord  
  31  3:03  Drone x2  
  33  3:12  Zergling x6  
  36  3:17  Zergling x2  
  36  3:19  Drone x3  
  40  3:23  Drone  
  40  3:24  Drone  
  42  3:34  Baneling  
  41  3:35  Queen  
  41  3:40  Overlord x2  
  43  3:55  Drone x6  
  49  4:01  Roach Warren  
  48  4:08  Drone x5  
  53  4:12  Zergling x2  
  53  4:16  Baneling x2  
  54  4:27  Zergling x14  
  54  4:28  Zergling x4  
  58  4:50  Roach x6  
  58  4:52  Overlord x2  
  64  4:54  Roach  
  64  4:59  Overlord  
  66  5:02  Extractor x2  
  66  5:03  Roach  
  68  5:12  Zergling x14  
  75  5:18  Drone  
  75  5:22  Lair  
  75  5:23  Drone x2  
  77  5:33  Roach x4  
  84  5:38  Overlord, Extractor  
  84  5:41  Roach  
  82  5:54  Spine Crawler  
  81  5:57  Drone  
  81  5:58  Drone x7  
  81  6:03  Extractor x2  
  87  6:08  Overlord  
  87  6:09  Overlord x2  
  87  6:14  Drone x2  
  89  6:22  Drone, Extractor  
  89  6:23  Drone, Extractor  
  89  6:27  Spire  
  89  6:28  Drone x6  
  94  6:35  Overlord  
  94  6:36  Overlord  
  94  6:41  Drone x5  
  99  6:48  Overlord  
  99  6:49  Overlord x2  
  99  7:03  Overlord  
  99  7:06  Zergling x4  
  101  7:15  Overlord  
  101  7:18  Drone x2  
  101  7:19  Overlord  
  101  7:20  Overlord  
  101  7:21  Overlord  
  103  7:25  Hatchery  
  101  7:39  Mutalisk  
  101  7:40  Mutalisk x9  
  119  7:50  Drone x3  
  121  8:00  Evolution Chamber, Extractor  
  121  8:01  Extractor  
  118  8:08  Drone x2  
  118  8:09  Drone x4  
  118  8:12  Zergling x6  
  127  8:29  Zergling x6  
  127  8:30  Zergling x12  
  127  8:31  Baneling  
  127  8:32  Baneling x9  
  136  8:37  Ravager x6  
  136  8:38  Zergling x4  
  136  8:39  Zergling x2  
  128  8:50  Zergling x2  
  128  8:51  Zergling x4, Roach x8  
  99  9:07  Roach x4  
  75  9:17  Roach x5  
  87  9:28  Mutalisk x2  
  80  9:36  Mutalisk x3  
Show
View Real Time Build Order
Export as new Build Order

Scarlett Zerg - Winner!

Build Orders: Hatch First 

Get SALT Encoding   

  12  0:00  Drone  
  13  0:08  Drone  
  14  0:17  Overlord  
  14  0:22  Extractor  
  14  0:23  Drone  
  15  0:36  Drone x2  
  17  0:52  Hatchery  
  17  0:55  Drone  
  17  0:58  Drone  
  18  1:05  Extractor  
  17  1:12  Spawning Pool  
  17  1:16  Drone  
  17  1:18  Drone  
  18  1:26  Drone  
  19  1:38  Overlord  
  19  1:50  Drone  
  20  1:59  Queen, Drone  
  23  2:03  Queen  
  23  2:04  Zergling x2  
  23  2:08  Metabolic Boost  
  26  2:19  Drone x2  
  28  2:31  Zergling x2  
  28  2:33  Hatchery  
  28  2:35  Drone  
  29  2:40  Drone x2  
  31  2:48  Overlord  
  31  2:56  Baneling Nest  
  31  2:57  Drone x2  
  32  3:01  Overlord  
  32  3:09  Drone x3  
  32  3:12  Drone  
  36  3:13  Zergling x2  
  36  3:17  Drone  
  38  3:22  Drone x2  
  38  3:24  Drone  
  40  3:32  Drone x2  
  42  3:34  Queen  
  42  3:38  Zergling x2  
  42  3:40  Zergling x4  
  47  3:42  Baneling x2  
  47  3:46  Zergling x2  
  47  3:47  Zergling x4  
  50  3:50  Zergling x4  
  50  3:54  Zergling x2  
  53  3:59  Overlord, Drone x2  
  55  4:04  Extractor  
  55  4:05  Roach Warren  
  51  4:11  Drone x3  
  54  4:19  Drone  
  54  4:20  Drone x5  
  60  4:30  Overlord x2  
  59  4:35  Overlord x2  
  59  4:40  Overlord, Extractor  
  57  4:47  Roach  
  57  4:48  Roach x3  
  60  4:53  Roach  
  60  4:54  Roach x3  
  60  4:58  Roach  
  60  4:59  Roach  
  72  5:03  Roach x2  
  76  5:09  Zergling x8  
  80  5:15  Baneling x4  
  80  5:16  Zergling x2  
  80  5:17  Zergling x2  
  84  5:21  Roach  
  84  5:23  Lair  
  84  5:26  Zergling x6  
  87  5:37  Drone x8  
  87  5:41  Evolution Chamber  
  93  5:46  Drone x3  
  96  5:50  Extractor  
  96  5:54  Ravager x4  
  96  5:56  Drone x5  
  104  5:59  Overlord, Drone  
  105  6:05  Overlord x2  
  105  6:14  Spine Crawler  
  105  6:16  Zerg Missile Weapons Level 1  
  105  6:18  Overlord x2  
  104  6:19  Roach  
  104  6:23  Overseer  
  106  6:27  Roach x4  
  114  6:33  Overlord x2  
  114  6:36  Extractor  
  114  6:38  Extractor  
  112  6:47  Glial Reconstitution  
  112  6:53  Drone x3  
  112  6:54  Drone x11  
  124  6:59  Roach x3  
  125  7:04  Hydralisk Den  
  123  7:13  Roach x4  
  131  7:23  Overlord x2  
  131  7:24  Roach x4  
  139  7:30  Hatchery  
  139  7:34  Muscular Augments  
  139  7:36  Hydralisk  
  138  7:37  Hydralisk  
  142  7:44  Hydralisk  
  142  7:45  Hydralisk x2  
  142  7:51  Hydralisk x3  
  148  7:55  Overlord  
  148  7:58  Hydralisk x2  
  154  8:01  Hydralisk x2  
  154  8:05  Hydralisk  
  162  8:10  Hydralisk x2  
  168  8:24  Roach x8  
  168  8:26  Spore Crawler  
  183  8:32  Roach  
  183  8:34  Overlord x2  
  186  8:36  Spore Crawler  
  168  9:01  Roach x5  
  168  9:02  Roach x2  
  174  9:06  Roach  
  174  9:07  Roach x4  
  184  9:12  Roach  
  184  9:13  Roach  
  188  9:20  Roach  
  190  9:25  Roach x2  
  184  9:31  Hydralisk, Hatchery  
  184  9:32  Hydralisk  
  174  9:39  Hydralisk x2  

Tags
 
Add a new tag
Caveats
  • Supply blocks, unpowered buildings, or Contaminate may cause inaccurate times.
  • Supply counts are checked every 10 seconds.